 Dungeon Crawl Stone Soup version 0.30-a0-702-gdf48620a09 (webtiles) character file.

Game seed: 9020058415802193208

60 Darius099 the Ruffian (level 3, 0/55 HPs)
             Began as a Troll Berserker on Jan 22, 2023.
             Was a Believer of Trog.
             Slain by a gnoll
             ... wielding a +0 flail
              (9 damage)
             ... on level 3 of the Dungeon.
             The game lasted 00:02:57 (1358 turns).

Darius099 the Ruffian (Troll Berserker)             Turns: 1358, Time: 00:02:58

Health: 0/55       AC:  4    Str: 25    XL:     3   Next: 80%
Magic:  2/2        EV: 10    Int:  3    God:    Trog [**....]
Gold:   85         SH:  0    Dex: 11    Spells: 2/2 levels left

rFire   . . .      SeeInvis .      - Unarmed
rCold   . . .      Faith    .    (no shield)
rNeg    . . .      Spirit   .    a - +0 animal skin
rPois   .          Reflect  .    (helmet restricted)
rElec   .          Harm     .    (no cloak)
rCorr   .          Rampage  .    (gloves unavailable)
Will    .....                    (boots unavailable) Stlth
                                 (no amulet)
HPRegen 1.09/turn                (no ring)
MPRegen 0.08/turn                (no ring)

@: berserking, very quick
A: large, unfitting armour, claws 3, regeneration 1, shaggy fur 1, tough skin 1
a: Renounce Religion, Berserk, Trog's Hand


You were on level 3 of the Dungeon.
You worshipped Trog.
Trog was pleased with you.
You visited 1 branch of the dungeon, and saw 3 of its levels.

You collected 85 gold pieces.

Inventory:

Armour
 a - a +0 animal skin (worn)
Wands
 l - a wand of mindburst (14)
Scrolls
 b - 2 scrolls of identify {unknown}
 e - a scroll of teleportation {unknown}
 h - a scroll of fog {unknown}
 i - 2 scrolls of poison {unknown}
 k - a scroll of vulnerability {unknown}
 m - 3 scrolls of enchant weapon {unknown}
 n - 2 scrolls of immolation {unknown}
Potions
 c - 2 potions of might {unknown}
 d - a potion of berserk rage {unknown}
 f - 2 potions of degeneration {unknown}
 g - a potion of brilliance {unknown}
 j - a potion of ambrosia {unknown}
 o - a potion of heal wounds {unknown}


   Skills:
 + Level 3.0 Fighting
 + Level 3.0 Dodging
 + Level 3.6 Unarmed Combat


You had 2 spell levels left.
You didn't know any spells.
Your spell library was empty.

Dungeon Overview and Level Annotations

Branches:
Dungeon (3/15)

Altars:


Innate Abilities, Weirdness & Mutations

You are too large for most types of armour.
You have claws for hands.
Your natural rate of healing is unusually fast.
You are covered in fur. (AC +1)
You have tough skin. (AC +1)


Message History

Unknown command.
There are monsters nearby!
Unknown command.
There are monsters nearby!
Unknown command.
There are monsters nearby!
Unknown command.
There are monsters nearby!
Unknown command.
There are monsters nearby!
Unknown command.
Unknown command.
Unknown command.
Unknown command.
Unknown command.
Unknown command.
There are monsters nearby!
Unknown command.
There are monsters nearby!
Unknown command.
There are monsters nearby!
Unknown command.
There are monsters nearby!
Unknown command.
There are monsters nearby!
Unknown command.
Unknown command.
Unknown command.
Unknown command.
Unknown command.
A red film seems to cover your vision as you go berserk!
You feel yourself moving faster!
You feel mighty!
The gnoll shouts!
The gnoll hits you with a +0 flail!
* * * LOW HITPOINT WARNING * * *
The gnoll closely misses you.
You closely miss the gnoll.
The gnoll is heavily wounded.
The gnoll hits you with a +0 flail!
You die...

### #.. ### #.#
##.##
#.#####.#######.#.##
#...?..........###.#
######.#######.#.##
#..#######.# ##.##
#....g@....# #.#
....gg####[.# #>#
..>.. #..# #.# ....
#..# #.# ...
#..########.### #.
#..##......#... .
^.....#####.### ...#
#.... ##.## #.###


You could see 3 gnolls.

Vanquished Creatures
  A gnoll (D:3)
  2 dart slugs
  3 ball pythons
  6 bats
  3 endoplasms
  5 giant cockroaches
  4 goblins
  2 hobgoblins (D:2)
  4 quokkas
  5 frilled lizards
  4 kobolds
  3 rats
42 creatures vanquished.

Notes
Turn   | Place    | Note
-------+----------+-------------------------------------------
     0 | D:1      | Darius099 the Troll Berserker began the quest for the Orb.
     0 | D:1      | Reached XP level 1. HP: 22/22 MP: 0/0
   184 | D:1      | Reached XP level 2. HP: 29/29 MP: 1/1
   580 | D:2      | Found a faded altar of an unknown god.
   646 | D:2      | Reached XP level 3. HP: 36/36 MP: 2/2
   653 | D:2      | Reached ** piety under Trog
  1358 | D:3      | Slain by a gnoll

Illustrated notes

Levels and vault maps discovered:
D:1:      evilmike_arrival_home_sweet_home, layout_rooms, chequers_avenue
D:2:      layout_basic, hellmonk_ecumenical_altar_crossroads,
          chequers_serial_rivers_room_b, minmay_misc_feat_rows
D:3:      layout_loops_ring

Skill      XL: |  1  2  3 |
---------------+----------+-----
Fighting       | 3 |  3.0
Dodging        | 3 |  3.0
Unarmed Combat | |  3.6

Action                   || total
-------------------------++-------
Melee: Unarmed           ||   103
       Punch             ||     1
Invok: Berserk           ||     1
Armor: Animal skin       ||    28
Dodge: Dodged            ||    57

Table legend: (Time is in decaauts)
 A = Elapsed time spent in this place.
 B = Non-inter-level travel time spent in this place.
 C = Inter-level travel time spent in this place.
 D = Time resting spent in this place.
 E = Time spent auto-exploring this place.
 F = Levels seen in this place.
 G = Mean time per level.
                   A        B        C        D        E       F      G
               +--------+--------+--------+--------+--------+-----+--------+
         Total |   1352 |   1294 |     58 |      0 |    855 |   3 |  450.7 |
       Dungeon |   1352 |   1294 |     58 |      0 |    855 |   3 |  450.7 |
               +--------+--------+--------+--------+--------+-----+--------+

Top non-repeatable levels by time:
     D:2: 648 daAuts
     D:1: 477 daAuts
     D:3: 226 daAuts
